 Dungeon Crawl Stone Soup version 0.17-a0-946-g1856e96 (webtiles) character file.

826 FedoraBrony69 the Magician (level 7, -4/36 HPs)
             Began as a Deep Elf Conjurer on May 6, 2015.
             Slain by a water moccasin (5 damage)
             ... on level 6 of the Dungeon.
             The game lasted 00:10:03 (3640 turns).

FedoraBrony69 the Magician (Deep Elf Conjurer)      Turns: 3640, Time: 00:10:03

Health: -4/36      AC:  8    Str:  8      XL:     7   Next: 64%
Magic:  0/20       EV: 12    Int: 22      God:
Gold:   203        SH:  0    Dex: 12 (15) Spells: 3 memorised, 11 levels left

rFire  + + .     SeeInvis .     e - +0 short sword (protect)
rCold  + . .     Clarity  .     a - +0 robe
rNeg   . . .     SustAb   .     (no shield)
rPois  +         Gourm    .     (no helmet)
rElec  +         Spirit   .     (no cloak)
rCorr  +         Warding  .     (no gloves)
rMut   .         Stasis   .     u - +0 pair of boots
MR     .....                    (no amulet)
Stlth  ++........               q - +3 ring of strength
                                n - ring of protection from fire

@: lethally poisoned (-4 -> -22), resistant, not resistant to hostile
enchantments, unstealthy
A: no striking features
a: no special abilities


You were on level 6 of the Dungeon.
You were not hungry.

You visited 1 branch of the dungeon, and saw 6 of its levels.

You collected 203 gold pieces.

Inventory:

Hand weapons
 e - a +0 short sword of protection (weapon)
Armour
 a - a +0 robe (worn)
 u - a +0 pair of boots (worn)
Jewellery
 n - a ring of protection from fire (left hand)
 q - a +3 ring of strength (right hand)
 r - a cursed ring of loudness {unknown}
 v - a cursed -4 ring of protection {unknown}
Scrolls
 f - a scroll of teleportation {unknown}
 h - 3 scrolls of remove curse {unknown}
 k - a scroll of identify {unknown}
 l - a scroll of blinking {unknown}
 m - a scroll of fog {unknown}
 s - a scroll of fear {unknown}
 w - 3 scrolls of noise {unknown}
Potions
 i - a potion of heal wounds
Books
 b - a book of Conjurations

   Spells                             Type                      Level
   a - Magic Dart                     Conjuration                  1
   b - Searing Ray                    Conjuration                  2
   c - Dazzling Spray                 Conjuration/Hexes            3
   d - Fulminant Prism                Conjuration/Hexes            4
   e - Iskenderun's Mystic Blast      Conjuration                  4
   f - Iskenderun's Battlesphere      Conjuration/Charms           5
Comestibles
 c - 3 bread rations
 d - 5 meat rations
 g - 3 beef jerkies
 p - 7 chunks of flesh


   Skills:
 - Level 2.4 Dodging
 - Level 2.4 Stealth
 + Level 7.5 Spellcasting
 + Level 7.2 Conjurations
 * Level 6.0 Charms


You had 11 spell levels left.
You knew the following spells:

 Your Spells              Type           Power        Failure   Level  Hunger
a - Magic Dart            Conj           ####         1%          1    None
b - Iskenderun's Battles  Conj/Chrm      #####...     14%         5    #####..
c - Iskenderun's Mystic   Conj           #####...     4%          4    ###....


Dungeon Overview and Level Annotations

Branches:
Dungeon (7/15)
 Temple: D:4-7

Altars:
Xom

Annotations:
D:6 Dowan, Grinder


Message History

You hit the water moccasin.
The water moccasin is severely wounded.
You feel sick. The water moccasin closely misses you.
The water moccasin bites you but does no damage.
Grinder closely misses you.
You miss the water moccasin.
The water moccasin is severely wounded.
You feel sick.
The water moccasin bites you but does no damage.
Grinder gestures at you. You resist with some effort.
You hit the water moccasin but do no damage.
The water moccasin is severely wounded.
You feel sick. The water moccasin bites you.
* * * LOW HITPOINT WARNING * * *
Grinder gestures at you. Pain shoots through your body!
* * * LOW HITPOINT WARNING * * *
The water moccasin bites you.
You die...

...########.#
...### #.# ## ##
#....# ..... .. .
####รท# #.##. .#.#
####.# ## #. .#.
#....###### #. ..
#.........# #. .#
.#...####.#
#.###.#.###.
.#..<#
#.####.5@S$......
##...#
##.......#########
##...# #...####.#
.....##.#....##.#
#....###.#.#.##.#
#.#### ##..#.##.#
....# #.......#
....# #.##.##.#
....# #. #.##.#


You could see Grinder and a water moccasin.

Vanquished Creatures
  Eustachio (D:6)
  A phantom (D:3)
  A sky beast (D:6)
  A centaur (D:6)
  A giant frog (D:6)
  2 scorpions
  A giant frog zombie (D:6)
  An orc wizard (D:6)
  A hound skeleton (D:4)
  5 adders
  7 gnolls
  A worm (D:3)
  6 giant geckos
  9 orcs
  A ball python (D:3)
  8 bats
  8 hobgoblins
  A quokka (D:3)
  3 giant cockroaches
  2 giant newts
  9 goblins
  7 jackals
  8 kobolds
  10 rats
95 creatures vanquished.

Notes
Turn   | Place    | Note
--------------------------------------------------------------
     0 | D:1      | FedoraBrony69, the Deep Elf Conjurer, began the quest for the Orb.
     0 | D:1      | Reached XP level 1. HP: 10/10 MP: 6/6
   145 | D:1      | Reached XP level 2. HP: 7/15 MP: 1/8
   919 | D:2      | Reached XP level 3. HP: 19/19 MP: 8/10
   996 | D:2      | Reached skill level 5 in Conjurations
  1392 | D:2      | Found a shimmering altar of Xom.
  1528 | D:3      | Reached XP level 4. HP: 24/24 MP: 9/12
  1748 | D:3      | Reached skill level 5 in Spellcasting
  1883 | D:3      | Reached XP level 5. HP: 28/28 MP: 4/15
  2336 | D:3      | Noticed a phantom
  2359 | D:3      | Killed a phantom
  2359 | D:3      | Reached skill level 6 in Spellcasting
  2366 | D:3      | Learned a level 5 spell: Iskenderun's Battlesphere
  2526 | D:4      | Reached XP level 6. HP: 30/32 MP: 10/17
  2545 | D:4      | Reached skill level 1 in Charms
  2672 | D:4      | You fall through a shaft for 2 floors!
  2702 | D:6      | Learned a level 4 spell: Iskenderun's Mystic Blast
  2747 | D:6      | HP: 1/32 [centaur/arrow (9)]
  3141 | D:6      | Noticed Dowan
  3215 | D:6      | Noticed Eustachio
  3219 | D:6      | Reached skill level 7 in Spellcasting
  3219 | D:6      | Reached XP level 7. HP: 23/36 MP: 5/19
  3357 | D:6      | Killed Eustachio
  3357 | D:6      | Reached skill level 5 in Charms
  3618 | D:6      | Noticed a water moccasin
  3620 | D:6      | Noticed Grinder
  3629 | D:6      | Gained mutation: Potions and wands are less effective at restoring your health. [potion of mutation]
  3629 | D:6      | Gained mutation: Your body sometimes deteriorates upon taking damage. [potion of mutation]
  3629 | D:6      | Gained mutation: Scrolls take you a little longer to read. [potion of mutation]
  3633 | D:6      | Lost mutation: Your body sometimes deteriorates upon taking damage. [potion of cure mutation]
  3633 | D:6      | Lost mutation: Scrolls take you a little longer to read. [potion of cure mutation]
  3633 | D:6      | Lost mutation: Potions and wands are less effective at restoring your health. [potion of cure mutation]
  3640 | D:6      | HP: 1/36 [Grinder/nerve-wracking pain (8)]
  3640 | D:6      | Slain by a water moccasin

Action                   |  1- 3 |  4- 6 |  7- 9 || total
-------------------------+-------+-------+-------++-------
Melee: Short sword       |    17 |    11 |     9 ||    37
 Cast: Magic Dart        |    68 |   117 |    22 ||   207
       Iskenderun's Myst |       |     9 |    11 ||    20
  Use: Potion            |       |     1 |     6 ||     7
  Eat: Chunk             |     1 |     7 |     2 ||    10
